AoeStats
← leonor22

African Clearing

510336409Analyzed
4v4 RM · 23h ago on Sep 30, 2026· 31m 27s· 8 players
Game mode
Random Map
Map size
Large (8 player)
Population
200
Speed
Normal
Resources
Standard
Victory
Conquest
Starting age
Dark Age
Ending age
Imperial Age
RankedLock teamsTeams togetherTeam positionsShared explorationLock speedFull tech treeHidden civsTurbo modeCheats
Victory
Defeat
🇨🇴 Georgians · Colombia
1112
+12
🇨🇴 Mongols · Colombia
1097
+13
🇨🇴 Vietnamese · Colombia
1025
+16
🇨🇴 Celts · Colombia
976
+17
🇷🇺 Saracens · Russia
1049
-16
🇮🇹 Teutons · Italy
1017
-14
🇺🇸 Franks · United States
1013
-14
🇻🇳 Koreans · Vietnam
999
-14
Dark Sniper 0
5:28 Loom
12:00 Feudal Age
16:50 Castle Age
15:09 Double-Bit Axe
20:00 Bow Saw
20:51 Wheelbarrow
26:09 Gold Mining
29:43 Forging
29:35 Scale Mail Armor
31:15 Iron Casting
34:27 Imperial Age
AmbassadorKaifa
3:57 Loom
14:47 Feudal Age
15:43 Double-Bit Axe
16:03 Fletching
22:07 Castle Age
21:23 Horse Collar
22:18 Crossbowman
aegilello
5:08 Loom
16:42 Feudal Age
26:40 Wheelbarrow
SOUL 360
13:31 Loom
18:13 Feudal Age
20:07 Wheelbarrow
19:19 Double-Bit Axe
20:55 Fletching
25:02 Castle Age
23:42 Horse Collar
26:13 Bodkin Arrow
Ctrl Gio
4:34 Loom
12:08 Feudal Age
28:17 Castle Age
27:08 Double-Bit Axe
28:40 Town Watch
29:29 Bow Saw
Lord_Mank
4:40 Loom
14:14 Feudal Age
21:42 Castle Age
21:30 Double-Bit Axe
22:36 Fletching
22:57 Squires
22:18 Pikeman
22:22 Elite Skirmisher
28:06 Husbandry
leonor22
6:13 Loom
15:18 Feudal Age
22:06 Castle Age
29:29 Pikeman
AndGio1
9:41 Loom
11:42 Feudal Age
17:21 Castle Age
16:07 Fletching
16:18 Padded Archer Armor
21:43 Double-Bit Axe
27:41 Bodkin Arrow
30:53 Leather Archer Armor
31:22 Bloodlines
Connection lost

Rejoining the realm…

Still unreachable

The connection could not be restored.

Session expired

The server has moved on; the page needs a fresh start.